 Dungeon Crawl Stone Soup version 0.18-a0-1704-g762f1eb (console) character file.

347 sorlin the Spear-Bearer (level 6, -2/66 HPs)
             Began as a Merfolk Gladiator on Apr 7, 2016.
             Blown up by an orc (16 damage)
             ... with a wand of disintegration
             ... on level 4 of the Dungeon.
             The game lasted 00:07:58 (4826 turns).

sorlin the Spear-Bearer (Merfolk Gladiator)         Turns: 4826, Time: 00:07:59

Health: -2/66      AC:  6    Str: 23    XL:     6   Next: 59%
Magic:  6/6        EV: 15    Int:  7    God:
Gold:   137        SH:  0    Dex: 14    Spells: 0 memorised, 5 levels left

rFire  . . .     SeeInvis +     a - +0 trident
rCold  . . .     Gourm    .     k - +0 leather armour
rNeg   . . .     Faith    .     (no shield)
rPois  .         Spirit   .     n - +1 helmet {SInv}
rElec  .         Dismiss  .     (no cloak)
rCorr  +         Reflect  .     (no gloves)
SustAt .         Harm     .     r - +0 pair of boots
MR     .....                    (no amulet)
Stlth  ..........               (no ring)
                                v - ring of resist corrosion

@: berserking, very quick, not resistant to hostile enchantments, extremely
unstealthy
A: change form in water, swift swim
a: no special abilities


You were on level 4 of the Dungeon.
You were not hungry.

You visited 1 branch of the dungeon, and saw 4 of its levels.

You collected 137 gold pieces.


   Skills:
 - Level 2.1 Fighting
 + Level 9.3 Polearms
 - Level 2.0 Throwing
 + Level 5.7 Dodging


You had 5 spell levels left.
You didn't know any spells.

Inventory:

Hand Weapons
 a - a +0 trident (weapon)
 b - a +0 hunting sling
Missiles
 d - 3 throwing nets
 l - 66 poisoned needles
 s - 10 tomahawks (quivered)
Armour
 k - a +0 leather armour (worn)
 n - a +1 helmet of see invisible (worn)
   (You found it on level 2 of the Dungeon)
 r - a +0 pair of boots (worn)
 u - a +0 scale mail
Jewellery
 v - a ring of resist corrosion (left hand)
Scrolls
 e - 2 scrolls of remove curse
 g - a scroll of amnesia {unknown}
 i - a scroll of fear {unknown}
 o - a scroll of immolation {unknown}
 p - 2 scrolls of blinking {unknown}
 x - a scroll of magic mapping {unknown}
 y - a scroll of noise {unknown}
Potions
 c - 2 potions of agility {!q}
 h - 2 potions of heal wounds {!q}
 j - a potion of magic {!q}
 m - 2 potions of haste {unknown}
 q - 2 potions of resistance {unknown}
 z - 2 potions of flight {unknown}
Comestibles
 f - 2 bread rations {!e}
 w - a meat ration {!e}
 A - 2 chunks of flesh


Message History

You reach to attack!
The orc shouts!
You hit the orc.
You kill the orc!
An orc comes into view. It is wielding a flail.
Attack whom?
Aim: an orc priest, wielding a mace of protection and wearing a chain mail You reach to attack!
The orc shouts!
You hit the orc priest but do no damage.
The orc priest looks braver for a moment.
There is an open door here.
You hit the orc priest but do no damage.
The orc priest barely misses you.
You puncture the orc priest!
The orc priest is heavily wounded.
The orc priest calls down the wrath of Beogh upon you.
Beogh smites you!
* * * LOW HITPOINT WARNING * * *
You take 15 damage.
You are too injured to fight recklessly!
You are too injured to fight recklessly!
You are too injured to fight recklessly!
You closely miss the orc priest.
The orc priest is heavily wounded.
You barely miss the orc priest.
The orc priest is heavily wounded.
The orc priest misses you.
You barely miss the orc priest.
The orc priest is heavily wounded.
The orc priest hits you but does no damage.
You hit the orc priest but do no damage.
The orc priest is heavily wounded.
Drink which item? (? for menu, Esc to quit)
Really quaff
t - a potion of berserk rage {!q}?
A red film seems to cover your vision as you go berserk!
You feel yourself moving faster!
You feel mighty!
The orc priest invokes the aid of Beogh against you.
Beogh smites you!
* * * LOW HITPOINT WARNING * * *
You take 2 damage.
You impale the orc priest!!
You kill the orc priest!
You hit the orc.
The orc is almost dead.
You barely miss the orc.
The orc is almost dead.
The orc zaps a wand.
You are blasted!
You die...

#.......... #..
..##....######
#..
..##)##....###
#...
...##.#####..#.
#...##
##...##.# ##...
#....#.o..# #.#
##....
#.......#
#.####.....
#..)..#
#.......... #o#
#.####.....
#o#######.#
##....
#.@......)#
##....
#######.###
#..###
#.#.......#
#†#.....###
#.#.....
#.#.....
#.#.....
#.#.....
..#..... .##


You could see 2 orcs.

Vanquished Creatures
  2 orc priests
  2 orc wizards (D:3)
  A worker ant (D:4)
  6 gnolls
  3 adders
  An ooze (D:3)
  An adder skeleton (D:4)
  2 worms
  3 dart slugs
  3 giant geckos
  17 orcs
  7 bats
  2 giant cockroaches
  6 goblins
  5 hobgoblins
  5 jackals
  5 kobolds
  2 quokkas (D:4)
  6 giant newts
  10 rats
89 creatures vanquished.

Notes
Turn   | Place    | Note
--------------------------------------------------------------
     0 | D:1      | sorlin the Merfolk Gladiator began the quest for the Orb.
     0 | D:1      | Reached XP level 1. HP: 16/16 MP: 1/1
   221 | D:1      | Reached skill level 5 in Polearms
   226 | D:1      | Reached XP level 2. HP: 17/22 MP: 2/2
   820 | D:1      | Reached XP level 3. HP: 27/27 MP: 3/3
   846 | D:1      | Reached skill level 6 in Polearms
  1335 | D:2      | Found a glowing golden altar of the Shining One.
  1854 | D:3      | Reached XP level 4. HP: 27/33 MP: 4/4
  1859 | D:3      | Reached skill level 7 in Polearms
  2794 | D:3      | Reached skill level 8 in Polearms
  2794 | D:3      | Reached XP level 5. HP: 34/38 MP: 5/5
  3579 | D:4      | Noticed Grinder
  3667 | D:4      | HP: 10/38 [orc priest/divine providence (13)]
  3908 | D:3      | HP: 11/38 [orc priest/falchion (2)]
  3912 | D:3      | HP: 4/38 [orc priest/falchion (2)]
  4200 | D:3      | Reached skill level 5 in Dodging
  4200 | D:3      | Reached XP level 6. HP: 44/44 MP: 6/6
  4348 | D:4      | Reached skill level 9 in Polearms
  4823 | D:4      | HP: 14/66 [orc priest/divine providence (11)]
  4826 | D:4      | Blown up by an orc

Vault maps used:
D:1:      lemuel_arrival_funnel
D:2:      tso_metal_star
D:4:      first_bread, hangedman_decor_points, kennysheep_generic_room_2,
          uniq_grinder

Action                   |  1- 3 |  4- 6 || total
-------------------------+-------+-------++-------
Melee: Trident           |   147 |   219 ||   366
  Use: Scroll            |       |     5 ||     5
       Potion            |       |     1 ||     1
 Stab: Sleeping          |     1 |     1 ||     2
       Distracted        |       |     1 ||     1
  Eat: Chunk             |     3 |     5 ||     8
       Bread ration      |       |     1 ||     1
